Map: King Sejong Station LE

Players

EJK - Winner!

  • Race: Terran Terran
  • League: Master

SKillous

  • Race: Protoss Protoss
  • League: Grandmaster

VOD

Have the link to the VOD?

Description

Time

  • Played on: Aug. 26, 2016, 11:01 a.m.
  • Length: 20:16
Show
View Real Time Build Order
Export as new Build Order

EJK Terran - Winner!

Build Orders: Reaper Expand, Mech 

Get SALT Encoding   

  12  0:00  SCV  
  13  0:13  SCV  
  14  0:17  Supply Depot  
  14  0:25  SCV  
  15  0:38  SCV  
  15  0:41  Barracks  
  16  0:45  Refinery  
  16  0:51  SCV  
  17  1:03  SCV  
  18  1:15  SCV  
  19  1:31  Orbital Command  
  19  1:32  Reaper  
  20  1:42  Command Center  
  20  1:53  Supply Depot  
  20  1:58  SCV  
  21  2:10  Barracks Reactor, SCV  
  22  2:22  SCV  
  23  2:32  Command Center  
  23  2:34  SCV  
  24  2:43  Factory  
  24  2:47  Marine x2  
  24  2:48  SCV  
  27  2:55  Refinery  
  28  3:04  Marine x2  
  30  3:07  Orbital Command  
  30  3:09  SCV  
  30  3:16  Engineering Bay  
  30  3:21  SCV  
  31  3:28  Cyclone  
  31  3:31  Marine x2  
  36  3:36  SCV x2  
  38  3:45  Orbital Command  
  38  3:48  SCV  
  38  3:49  SCV  
  38  3:52  Marine x2  
  42  4:00  Factory Tech Lab  
  42  4:03  SCV x2  
  42  4:06  Missile Turret  
  44  4:13  Factory  
  44  4:14  Refinery  
  44  4:15  Refinery  
  44  4:17  SCV x3  
  44  4:22  Siege Tank  
  50  4:28  Starport  
  50  4:30  SCV  
  50  4:31  SCV  
  52  4:32  SCV  
  53  4:44  Supply Depot  
  53  4:45  SCV  
  56  4:47  SCV x2  
  56  4:52  Supply Depot  
  56  4:54  Siege Tank  
  56  4:57  SCV  
  56  4:59  SCV, Factory Tech Lab  
  61  5:05  SCV  
  62  5:09  SCV  
  62  5:11  SCV  
  63  5:14  Supply Depot  
  63  5:18  SCV  
  63  5:20  Factory  
  64  5:22  Siege Tank  
  64  5:24  Viking  
  64  5:26  Barracks Reactor, SCV x2  
  64  5:27  Siege Tank  
  74  5:36  Supply Depot  
  74  5:37  Supply Depot  
  74  5:42  Missile Turret  
  74  5:43  Sensor Tower  
  76  5:57  Siege Tank  
  76  5:58  Orbital Command  
  76  6:01  Supply Depot  
  76  6:02  Supply Depot  
  76  6:03  Supply Depot  
  79  6:05  Siege Tank, Hellion  
  79  6:06  Hellion  
  79  6:08  Supply Depot  
  79  6:10  SCV x2  
  86  6:11  Armory  
  86  6:22  SCV x2  
  88  6:26  SCV  
  88  6:32  Siege Tank  
  92  6:34  SCV x2  
  92  6:35  Hellion x2  
  92  6:37  Siege Tank  
  101  6:40  Refinery  
  101  6:44  Refinery  
  101  6:50  Sensor Tower  
  101  6:53  Sensor Tower  
  100  6:54  SCV x3  
  100  7:00  Missile Turret  
  103  7:03  Terran Vehicle Weapons Level 1  
  103  7:06  SCV x2  
  103  7:07  Siege Tank, SCV  
  111  7:08  Hellion  
  111  7:16  Siege Tank  
  111  7:18  SCV x2, Missile Turret  
  111  7:20  SCV  
  115  7:25  Supply Depot  
  115  7:30  SCV  
  115  7:32  Factory  
  115  7:33  Factory  
  116  7:41  SCV x2  
  114  7:47  Siege Tank  
  114  7:48  Hellion x2  
  121  7:55  SCV x2, Supply Depot  
  121  7:56  Supply Depot  
  124  8:01  Siege Tank  
  124  8:02  Viking x2  
  124  8:04  Supply Depot x2  
  130  8:16  Command Center  
  130  8:19  Siege Tank  
  130  8:24  Factory Tech Lab, Factory Reactor  
  130  8:26  Cyclone x2, Supply Depot  
  136  8:27  Supply Depot  
  136  8:33  Siege Tank, Missile Turret  
  139  8:40  Infernal Pre-Igniter  
  139  8:41  Sensor Tower  
  139  8:49  Command Center  
  139  9:01  Siege Tank x2  
  145  9:04  Hellion x4  
  145  9:05  Hellion  
  155  9:19  Viking x2  
  155  9:21  Terran Vehicle Weapons Level 2  
  153  9:33  Hellion x4  
  153  9:34  Hellion x3  
  153  9:35  Armory  
  167  9:54  Cyclone x4  
  179  10:09  Planetary Fortress  
  179  10:16  Viking  
  179  10:17  Viking  
  183  10:28  Refinery  
  183  10:31  Refinery  
  172  10:46  Viking x2  
  123  11:06  Siege Tank x3  
  123  11:08  Hellion x2  
  123  11:16  Viking x2  
  121  11:19  Terran Vehicle And Ship Armor Level 1  
  121  11:21  Starport  
  121  11:23  Starport  
  121  11:24  Orbital Command  
  121  11:28  Hellion  
  121  11:29  Command Center, Hellion x2  
  121  11:30  Hellion  
  121  11:31  Command Center  
  129  11:37  Terran Ship Weapons Level 1  
  129  11:38  Siege Tank x2, Sensor Tower  
  135  11:46  Viking x2  
  136  11:56  Cyclone x2  
  136  11:58  Cyclone  
  135  12:07  Viking  
  135  12:12  Cyclone  
  135  12:13  Cyclone x2, Hellion  
  142  12:17  Viking  
  144  12:28  Hellion x2  
  148  12:31  Viking x2  
  148  12:34  Siege Tank  
  155  12:37  Viking  
  153  12:45  Siege Tank x2  
  132  13:07  Siege Tank  
  131  13:12  Hellion  
  131  13:13  Cyclone, Hellion x2  
  131  13:17  Viking, Siege Tank x2  
  131  13:19  Viking  
  144  13:24  Orbital Command  
  142  13:30  Viking x2  
  144  13:39  Siege Tank  
  141  13:50  Siege Tank x2  
  141  13:52  Hellion x3  
  153  14:11  Siege Tank  
  156  14:24  Refinery x2  
  150  14:26  Cyclone x3  
  150  14:27  Thor  
  150  14:28  Viking  
  150  14:29  Viking  
  150  14:30  Viking x2  
  162  14:35  Terran Ship Weapons Level 2  
  162  14:38  Hellion x2  
  163  14:42  SCV x2  
  163  14:43  Hellion  
  163  14:45  SCV x2  
  166  14:58  SCV x3  
  157  15:03  Supply Depot  
  157  15:04  Supply Depot  
  157  15:06  Supply Depot  
  157  15:13  Siege Tank  
  157  15:14  Siege Tank  
  151  15:16  Hellion  
  151  15:21  Liberator  
  151  15:27  Siege Tank  
  156  15:45  Siege Tank  
  156  15:46  Hellion x3  
  164  15:55  Siege Tank  
  167  15:59  Siege Tank  
  171  16:18  Siege Tank  
  171  16:19  Starport Tech Lab x2  
  171  16:23  Fusion Core  
  166  16:27  Siege Tank  
  166  16:28  Orbital Command  
  166  16:32  Siege Tank  
  172  16:40  Sensor Tower  
  168  16:51  Terran Vehicle And Ship Armor Level 2  
  165  16:56  Cyclone  
  165  16:57  Cyclone  
  165  17:00  Hellion x2  
  165  17:01  Hellion  
  177  17:02  Hellion  
  177  17:04  Refinery  
  177  17:06  Refinery  
  179  17:14  Viking x2  
  159  17:29  Siege Tank x3  
  157  17:32  Hellion  
  155  17:40  Missile Turret  
  155  17:48  Viking x2  
  159  17:56  Orbital Command  
  155  17:59  Hyperflight Rotors  
  155  18:04  Missile Turret  
  153  18:06  Missile Turret  
  153  18:07  Sensor Tower  
  153  18:15  Viking x2  
  144  18:53  Thor  
  144  18:54  Thor  
  143  18:56  Viking x2  
  128  19:07  Viking x2  
  121  19:26  Viking x2  
  118  19:37  Viking x2  
Show
View Real Time Build Order
Export as new Build Order

SKillous Protoss 

Build Orders: 1 Gate Expand, Blink Stalkers 

Get SALT Encoding   

  12  0:01  Probe (Chrono Boost)  
  13  0:11  Probe (Chrono Boost)  
  14  0:18  Pylon  
  14  0:22  Probe (Chrono Boost)  
  15  0:36  Gateway, Probe (Chrono Boost)  
  16  0:42  Assimilator  
  16  0:46  Probe (Chrono Boost)  
  17  0:57  Probe (Chrono Boost)  
  18  1:08  Probe (Chrono Boost)  
  19  1:22  Nexus  
  19  1:33  Cybernetics Core  
  19  1:36  Probe (Chrono Boost)  
  20  1:43  Assimilator  
  20  1:46  Probe (Chrono Boost)  
  21  1:57  Probe (Chrono Boost)  
  21  2:00  Pylon  
  22  2:07  Probe (Chrono Boost)  
  23  2:10  Warp Gate  
  23  2:18  Stalker  
  23  2:20  Probe (Chrono Boost)  
  26  2:25  Twilight Council  
  26  2:30  Probe (Chrono Boost)  
  27  2:40  Probe (Chrono Boost)  
  28  2:45  Probe (Chrono Boost)  
  28  2:48  Stalker  
  30  2:53  Probe (Chrono Boost)  
  30  2:57  Blink  
  31  2:58  Probe (Chrono Boost)  
  31  3:03  Probe (Chrono Boost)  
  34  3:13  Probe (Chrono Boost)  
  34  3:22  Probe (Chrono Boost)  
  34  3:25  Probe (Chrono Boost)  
  34  3:27  Gateway  
  36  3:28  Gateway  
  36  3:33  Probe (Chrono Boost)  
  39  3:42  Pylon  
  39  3:43  Mothership Core (Chrono Boost), Probe (Chrono Boost)  
  39  3:46  Robotics Facility  
  40  3:54  Probe (Chrono Boost)  
  42  4:03  Probe (Chrono Boost)  
  42  4:04  Probe (Chrono Boost)  
  43  4:15  Stalker, Probe x2 (Chrono Boost)  
  47  4:20  Nexus  
  47  4:22  Pylon  
  47  4:24  Stalker  
  49  4:26  Stalker  
  49  4:29  Probe (Chrono Boost)  
  49  4:31  Probe (Chrono Boost)  
  53  4:32  Observer  
  53  4:36  Pylon  
  54  4:40  Assimilator  
  54  4:42  Probe (Chrono Boost)  
  54  4:44  Assimilator, Probe (Chrono Boost)  
  56  4:46  Stalker  
  56  4:51  Observer  
  56  4:52  Pylon  
  58  4:55  Stalker  
  58  4:58  Probe (Chrono Boost)  
  63  5:00  Probe (Chrono Boost)  
  63  5:05  Stalker  
  64  5:10  Probe (Chrono Boost)  
  64  5:13  Warp Prism, Probe (Chrono Boost)  
  69  5:22  Probe (Chrono Boost)  
  69  5:25  Probe (Chrono Boost)  
  69  5:26  Stalker  
  72  5:31  Stalker  
  72  5:33  Stalker  
  77  5:36  Probe (Chrono Boost)  
  77  5:39  Probe x2 (Chrono Boost)  
  79  5:47  Probe (Chrono Boost)  
  80  5:52  Probe (Chrono Boost)  
  80  5:53  Forge x2  
  81  5:57  Probe (Chrono Boost)  
  81  5:58  Stalker  
  81  6:00  Stalker  
  81  6:03  Stalker  
  88  6:08  Probe (Chrono Boost)  
  88  6:09  Probe (Chrono Boost)  
  91  6:11  Probe (Chrono Boost)  
  92  6:18  Pylon, Probe (Chrono Boost)  
  92  6:21  Probe (Chrono Boost)  
  92  6:22  Protoss Ground Weapons Level 1, Protoss Ground Armor Level 1  
  92  6:36  Pylon, Probe (Chrono Boost)  
  92  6:38  Probe (Chrono Boost)  
  94  6:40  Probe (Chrono Boost)  
  94  6:41  Pylon  
  93  6:53  Probe (Chrono Boost)  
  96  6:54  Probe x2 (Chrono Boost)  
  96  6:56  Assimilator  
  96  6:59  Stalker  
  96  7:00  Gateway, Stalker x2  
  96  7:01  Gateway, Assimilator  
  102  7:02  Observer  
  102  7:03  Probe (Chrono Boost)  
  102  7:04  Gateway  
  102  7:05  Gateway x2  
  102  7:06  Probe (Chrono Boost)  
  102  7:07  Probe (Chrono Boost)  
  106  7:23  Probe x2 (Chrono Boost)  
  106  7:29  Nexus, Stalker  
  108  7:30  Pylon, Stalker x2  
  108  7:36  Stargate  
  112  7:38  Protoss Air Weapons Level 1  
  112  7:40  Stargate  
  112  7:42  Pylon  
  108  7:48  Observer  
  108  7:57  Photon Cannon  
  108  8:00  Stalker  
  108  8:01  Probe x2 (Chrono Boost), Stalker x6  
  108  8:02  Protoss Ground Armor Level 2  
  108  8:03  Protoss Ground Weapons Level 2  
  125  8:06  Pylon  
  125  8:10  Probe (Chrono Boost)  
  125  8:17  Stalker  
  103  8:21  Probe x2 (Chrono Boost)  
  103  8:25  Stalker  
  103  8:26  Stalker x3  
  111  8:31  Void Ray  
  111  8:33  Probe (Chrono Boost)  
  111  8:34  Void Ray  
  120  8:52  Stalker x4  
  120  8:53  Stalker  
  129  8:56  Stalker  
  130  9:03  Probe x4 (Chrono Boost)  
  129  9:12  Photon Cannon  
  129  9:14  Void Ray  
  129  9:15  Photon Cannon, Probe x4 (Chrono Boost)  
  128  9:21  Void Ray, Adept  
  133  9:32  Probe x2 (Chrono Boost)  
  135  9:40  Probe x2 (Chrono Boost)  
  135  9:49  Fleet Beacon, Stargate  
  133  9:53  Stargate  
  133  9:55  Probe (Chrono Boost)  
  133  9:57  Probe (Chrono Boost)  
  133  9:58  Probe (Chrono Boost)  
  136  10:02  Void Ray  
  136  10:03  Pylon, Probe (Chrono Boost)  
  136  10:05  Void Ray  
  138  10:08  Probe (Chrono Boost)  
  146  10:16  Probe (Chrono Boost)  
  147  10:29  Stalker x2  
  147  10:30  Stalker  
  149  10:40  Void Ray, Probe (Chrono Boost)  
  149  10:41  Stalker x3  
  152  10:48  Stalker x2  
  160  10:53  Void Ray  
  144  10:59  Void Ray  
  134  11:07  Stalker x3  
  134  11:08  Stalker x3  
  118  11:15  Stalker x2  
  114  11:22  Void Ray  
  114  11:25  Assimilator  
  114  11:28  Assimilator  
  114  11:30  Void Ray  
  122  11:41  Nexus, Void Ray  
  122  11:42  Pylon  
  120  11:49  Void Ray  
  116  12:04  Stalker x3  
  116  12:05  Stalker x3  
  128  12:12  Void Ray  
  124  12:16  Stalker x2  
  134  12:23  Void Ray, Probe x2 (Chrono Boost)  
  134  12:27  Photon Cannon  
  134  12:29  Photon Cannon  
  138  12:33  Void Ray, Assimilator  
  138  12:36  Assimilator  
  138  12:44  Protoss Ground Armor Level 3  
  123  12:56  Stalker x6  
  123  12:57  Stalker x2  
  113  13:06  Void Ray  
  107  13:17  Probe x2 (Chrono Boost)  
  107  13:18  Probe x2 (Chrono Boost)  
  107  13:19  Stalker x4  
  119  13:22  Protoss Air Weapons Level 2  
  112  13:35  Stalker x2  
  112  13:36  Stalker x2  
  120  13:46  Void Ray, Stalker x2  
  120  13:47  Stalker  
  130  14:06  Stalker  
  130  14:07  Stalker x3  
  132  14:13  Probe (Chrono Boost)  
  132  14:14  Probe (Chrono Boost)  
  128  14:31  Probe (Chrono Boost)  
  106  14:32  Stalker x3  
  106  14:33  Stalker x3  
  118  14:39  Stalker x2  
  113  15:01  Stalker x3  
  113  15:02  Stalker x3  
  125  15:13  Void Ray x2  
  127  15:22  Void Ray  
  131  15:31  Void Ray  
  135  15:45  Nexus  
  135  15:54  Probe (Chrono Boost)  
  135  15:55  Probe (Chrono Boost)  
  137  16:01  Pylon  
  137  16:03  Pylon  
  137  16:05  Pylon  
  137  16:09  Void Ray  
  137  16:14  Void Ray  
  137  16:23  Void Ray  
  143  16:27  Protoss Ground Weapons Level 3  
  143  16:29  Probe (Chrono Boost)  
  143  16:31  Probe (Chrono Boost)  
  145  16:35  Probe (Chrono Boost)  
  144  16:47  Void Ray  
  132  16:52  Void Ray  
  134  16:57  Void Ray  
  142  17:08  Void Ray  
  105  17:35  Stalker x4  
  105  17:36  Stalker  
  93  17:42  Stalker x3  
  99  17:49  Void Ray  
  102  18:07  Stalker x3  
  106  18:14  Stalker  
  108  18:45  Nexus  
  85  18:56  Void Ray  
  85  19:01  Void Ray  
  85  19:02  Void Ray  
  85  19:08  Void Ray  
Tags
 
Add a new tag
Caveats
  • Supply blocks, unpowered buildings, or Contaminate may cause inaccurate times.
  • Supply counts are checked every 10 seconds.